 Dungeon Crawl Stone Soup version 0.22-a0-402-ga933591 (webtiles) character file.

7 4thArraOfDagon the Sneak (level 1, 0/9 HPs)
             Began as a Spriggan Fire Elementalist on May 7, 2018.
             Slain by a jackal (3 damage)
             ... on level 4 of the Dungeon.
             The game lasted 00:02:08 (212 turns).

4thArraOfDagon the Sneak (SpFE)                      Turns: 212, Time: 00:02:09

Health: 0/9        AC:  1    Str:  4    XL:     1   Next: 83%
Magic:  0/5        EV: 18    Int: 16    God:
Gold:   73         SH:  0    Dex: 16    Spells: 4/5 levels left

rFire    . . .     SeeInvis +   (weapon restricted)
rCold    . . .     Gourm    .   (shield restricted)
rNeg     . . .     Faith    .   a - +0 robe
rPois    .         Spirit   .   (helmet restricted)
rElec    .         Reflect  .   (no cloak)
rCorr    .         Harm     .   (gloves unavailable)
MR       .....                  (boots unavailable)
Stlth    ++........             (no amulet)
HPRegen  0.03/turn              (no ring)
MPRegen  0.09/turn              (no ring)

@: very slightly contaminated, very quick
A: very small, unfitting armour, hooves 1, see invisible, deformed body,
herbivore, speed 3, slow metabolism 2
a: no special abilities


You were on level 4 of the Dungeon.
You were not hungry.

You visited 1 branch of the dungeon, and saw 4 of its levels.

You collected 73 gold pieces.

Inventory:

Armour
 a - a +0 robe (worn)
Scrolls
 d - a scroll of fog {unknown}
Potions
 b - a potion of heal wounds {unknown}
Comestibles
 c - a ration


   Skills:
 - Level 3.0 Dodging
 - Level 3.0 Stealth
 + Level 2.8 Spellcasting
 * Level 1.0 Conjurations
 * Level 2.6 Fire Magic


You had 4 spell levels left.
You knew the following spells:

 Your Spells              Type           Power        Failure   Level  Hunger
a - Flame Tongue          Conj/Fire      #....        9%          1    #......


Dungeon Overview and Level Annotations

Branches:
Dungeon (4/15)
 Temple: D:4-7

Altars:


Innate Abilities, Weirdness & Mutations

You are very small and have problems with some larger weapons.
You are too small for most types of armour.
You have supernaturally acute eyesight. (SInv)
You are a herbivore.
You cover ground extremely quickly.
You need to consume almost no food.
You have large cloven feet.
Armour fits poorly on your strangely shaped body.


Message History

Casting: Flame Tongue (safe; 9% risk of failure)
Confirm with . or Enter, or press ? or * to list all spells.
Aiming: Flame Tongue (safe; 9% risk of failure)
Press: ? - help, Shift-Dir - straight line, f/p - jackal
Aim: a jackal The flame tongue hits the jackal.
The jackal is almost dead.
The jackal barely misses you. x2
Casting: Flame Tongue (safe; 9% risk of failure)
Confirm with . or Enter, or press ? or * to list all spells.
Aiming: Flame Tongue (safe; 9% risk of failure)
Press: ? - help, Shift-Dir - straight line, f/p - jackal
Aim: a jackal (almost dead)
The flame tongue hits the jackal.
The jackal appears unharmed.
The jackal is almost dead.
The jackal bites you.
You barely miss the jackal. You kick the jackal, but do no damage.
The jackal is almost dead.
The jackal bites you.
You die...

..........#
..........#
...!......#
..........#
..........#
......?...+
..........##
#.@h..#
#.....#
#.....#
#.....#
#.....#
#.....#
#.....#
#.....#


You could see a jackal.

Vanquished Creatures
  A ball python (D:1)
  A giant cockroach (D:3)
  A hobgoblin (D:1)
  A bat (D:1)
  2 frilled lizards (D:1)
  A kobold (D:1)
7 creatures vanquished.

Notes
Turn   | Place    | Note
-------+----------+-------------------------------------------
     0 | D:1      | 4thArraOfDagon the Spriggan Fire Elementalist began the quest for the Orb.
     0 | D:1      | Reached XP level 1. HP: 9/9 MP: 5/5
   116 | D:1      | Gained mutation: Armour fits poorly on your strangely shaped body. [potion of mutation]
   116 | D:1      | Gained mutation: You have large cloven feet. [potion of mutation]
   196 | D:3      | Reached skill level 1 in Conjurations
   212 | D:4      | Slain by a jackal

Vault maps used:
D:1:      evilmike_arrival_plus
D:2:      first_ration
D:3:      trog_hazing_becter, uniq_jessica, uniq_crazy_yiuf_cottage
D:4:      lemuel_zombie_altar_yredelemnul, uniq_blork_the_orc

Skill      XL: |  1 |
---------------+----+-----
Conjurations   | 1 |  1.0
Dodging        | |  3.0
Stealth        | |  3.0
Spellcasting   | |  2.8
Fire Magic     | |  2.6

Action                   || total
-------------------------++-------
Melee: Unarmed           ||     6
       Kick              ||     2
 Cast: Flame Tongue      ||    12
  Use: Potion            ||     1
Armor: Robe              ||     1
Dodge: Dodged            ||    19

Table legend:
 A = Spawn XP
 B = Non-spawn XP
 C = Spawn XP percentage of total XP
 D = Spawn monster count
 E = Non-spawn monster count
 F = Spawn count percentage of total count
 G = Total turns spent on level
                    A         B        C        D         E        F      G
               +---------+---------+-------+---------+---------+-------+---------
         Total |       0 |      10 |   0.0 |       0 |       7 |   0.0 |   212
               +---------+---------+-------+---------+---------+-------+---------
           D:1 |       0 |       8 |   0.0 |       0 |       6 |   0.0 |   152
           D:3 |       0 |       2 |   0.0 |       0 |       1 |   0.0 |    12
               +---------+---------+-------+---------+---------+-------+---------
